 Dungeon Crawl Stone Soup version 0.28-a0-730-g892d06dc2c (webtiles) character file.

Game seed: 18085541176496113785

118 ytrimaz the Covered (level 5, 0/42 HPs)
             Began as a Formicid Fighter on Oct 28, 2021.
             Killed from afar by an orc wizard (9 damage)
             ... with a puff of flame
             ... on level 3 of the Dungeon.
             The game lasted 00:02:26 (1912 turns).

ytrimaz the Covered (Formicid Fighter)              Turns: 1912, Time: 00:02:26

Health: 0/42       AC: 11    Str: 22    XL:     5   Next: 23%
Magic:  14/14      EV:  6    Int:  7    God:
Gold:   49         SH:  4    Dex: 10    Spells: 4/4 levels left

rFire   . . .      SeeInvis +   a - +0 war axe
rCold   . . .      Faith    .   c - +0 buckler
rNeg    . . .      Spirit   .   e - +0 plate armour
rPois   .          Reflect  .   (helmet unavailable)
rElec   .          Harm     .   (no cloak)
rCorr   +          Rampage  .   (no gloves)
Will    .....                   (no boots)
Stlth   ..........              (no amulet)
HPRegen 0.14/turn               h - ring of resist corrosion
MPRegen 0.14/turn               i - ring of magical power

@: no status effects
A: permanent stasis, dig shafts and tunnels, antennae 3, four strong arms
a: Dig, Shaft Self


You were on level 3 of the Dungeon.
You visited 1 branch of the dungeon, and saw 3 of its levels.

You collected 49 gold pieces.

Inventory:

Hand Weapons
 a - a +0 war axe (weapon)
Armour
 b - a +0 scale mail
 c - a +0 buckler (worn)
 e - a +0 plate armour (worn)
Jewellery
 h - a ring of resist corrosion (left hand)
 i - a ring of magical power (right hand)
Scrolls
 f - a scroll of magic mapping
 g - 2 scrolls of torment
Potions
 d - a potion of might
 j - a potion of resistance
 l - a potion of attraction {unknown}


   Skills:
 + Level 4.0 Fighting
 + Level 3.4 Axes
 + Level 4.0 Armour
 * Level 1.6 Dodging
 - Level 3.6 Shields


You had 4 spell levels left.
You didn't know any spells.
Your spell library contained the following spells:

 Spells                   Type           Power      Damage    Failure   Level
 Magic Dart               Conj           0%         1d3       100%        1
 Searing Ray              Conj           0%         2d4       100%        2
 Fulminant Prism          Conj/Hex       0%         3d6       100%        4


Dungeon Overview and Level Annotations

Branches:
Dungeon (3/15)

Altars:
Vehumet


Innate Abilities, Weirdness & Mutations

You cannot be hasted, slowed, berserked, paralysed or teleported.
You can dig through walls and to a lower floor.
You have a pair of large antennae on your head. (SInv)
Your four strong arms can wield two-handed weapons with a shield.


Message History

You closely miss the orc.
The orc is lightly wounded.
The orc priest calls upon Beogh to heal the orc.
The orc's wounds heal themselves!
The orc hits you but does no damage.
You slash the orc!
The orc is almost dead.
The orc hits you but does no damage.
You hit the orc.
You kill the orc!
You hit the endoplasm.
The endoplasm is heavily wounded.
The endoplasm hits you but does no damage.
You hit the endoplasm.
The endoplasm is almost dead.
You block the endoplasm's attack. The endoplasm freezes you.
You are frozen.
You hit the endoplasm.
You kill the endoplasm!
The gnoll hits you with a +0 club.
You slash the gnoll!
You kill the gnoll!
The orc barely misses you.
Your Fighting skill increases to level 4!
You hit the orc.
The orc is almost dead.
You hit the orc wizard.
The orc wizard is lightly wounded.
The orc wizard hits you with a +0 dagger.
* * * LOW HITPOINT WARNING * * *
You closely miss the orc wizard.
The orc wizard is lightly wounded.
The orc wizard hits you with a +0 dagger.
* * * LOW HITPOINT WARNING * * *
Unknown command.
It was a potion of berserk rage.
Your stasis prevents you from going berserk.
The orc wizard casts a spell at you. The puff of flame hits you!
You die...

**,,,,,,,* **,* *,*
**,,,,,,,****,,****,*
*,,,,,,,,,,,,,**,,,,*
*,,,,,,,,,,,*,,,,*,,,
*,,,,,,,,,##***,,,,<,
**,,,,,*,..,***,,,,,,
**,,{##.#*,,,,,,,,,,
####...#,,,,,,,,,,,
##.@oo#*,^,,,,,*,,,,
#..####*,,,,,,,,,,,,
###.## *,,{,,,,,,,,,
#####...#
**,,,,,,,,,,,
#.....###
*,,{,,,,,,,,, #.#####
*,,,,,,,,*,,, #<#
**..,,,,,,**,* #.#
*...,,,,,,**,* #.#
*##.#*,,,*****,*


You could see an orc priest and an orc wizard.

Vanquished Creatures
  2 adders (D:2)
  4 gnolls (D:3)
  2 dart slugs
  2 orcs (D:3)
  2 endoplasms
  2 giant cockroaches (D:1)
  7 hobgoblins
  4 jackals (D:2)
  3 kobolds
  A quokka (D:1)
  4 ball pythons
  7 bats
  5 frilled lizards
  9 goblins
  3 rats (D:1)
57 creatures vanquished.

Notes
Turn   | Place    | Note
-------+----------+-------------------------------------------
     0 | D:1      | ytrimaz the Formicid Fighter began the quest for the Orb.
     0 | D:1      | Reached XP level 1. HP: 18/18 MP: 1/1
    18 | D:1      | You fall into a shaft and drop 1 floor!
    38 | D:2      | Reached XP level 2. HP: 11/24 MP: 2/2
   389 | D:1      | Reached XP level 3. HP: 24/30 MP: 3/3
   954 | D:2      | Reached skill level 1 in Dodging
  1075 | D:2      | Found a radiant altar of Vehumet.
  1139 | D:2      | Found a faded altar of an unknown god.
  1228 | D:2      | Reached XP level 4. HP: 32/37 MP: 4/4
  1897 | D:3      | Reached XP level 5. HP: 33/42 MP: 5/5
  1912 | D:3      | Killed from afar by an orc wizard

Illustrated notes

Levels and vault maps discovered:
D:1:      dpeg_arrival_windows_large_door, layout_rooms,
          minmay_stone_trees_small
D:2:      kennysheep_the_goblin_king, layout_basic,
          shapermc_ecumenical_altar_ellora, basic_altar
D:3:      layout_rooms, portal_sewer_entry_d

Skill      XL: |  1  2  3  4  5 |
---------------+----------------+-----
Dodging        | 1 |  1.6
Axes           | 3 |  3.4
Armour         | 4 |  4.0
Fighting       | 4 |  4.0
Shields        | |  3.6

Action                   |  1- 3 |  4- 6 || total
-------------------------+-------+-------++-------
Melee: War axe           |    92 |    63 ||   155
  Use: Scroll            |     3 |     3 ||     6
       Potion            |       |     1 ||     1
Armor: Scale mail        |    24 |       ||    24
       Plate armour      |    51 |    24 ||    75
Dodge: Dodged            |    44 |    20 ||    64
Block: Buckler           |    29 |     9 ||    38

Table legend: (Time is in decaauts)
 A = Elapsed time spent in this place.
 B = Non-inter-level travel time spent in this place.
 C = Inter-level travel time spent in this place.
 D = Time resting spent in this place.
 E = Time spent auto-exploring this place.
 F = Levels seen in this place.
 G = Mean time per level.
                   A        B        C        D        E       F      G
               +--------+--------+--------+--------+--------+-----+--------+
         Total |   1969 |   1905 |     64 |    317 |   1158 |   3 |  656.3 |
       Dungeon |   1969 |   1905 |     64 |    317 |   1158 |   3 |  656.3 |
               +--------+--------+--------+--------+--------+-----+--------+

Top non-repeatable levels by time:
     D:2: 1030 daAuts
     D:1: 850 daAuts
     D:3: 88 daAuts
